 Dungeon Crawl Stone Soup version 0.29.1-15-g9cfb28693d (webtiles) character file.

Game seed: 4056983095721612968

2490 buriedalive the Nimble (level 9, 0/45 HPs)
             Began as a Deep Elf Ice Elementalist on Apr 20, 2023.
             Slain by a wight
             ... wielding a +4 hand axe of freezing
              (3 damage)
             ... on level 7 of the Dungeon.
             The game lasted 00:18:00 (9947 turns).

buriedalive the Nimble (Deep Elf Ice Elementalist)  Turns: 9947, Time: 00:18:01

Health: 0/45       AC: 14    Str:  5    XL:     9   Next: 27%
Magic:  7/18       EV: 17    Int: 25    God:
Gold:   266        SH:  5    Dex: 15    Spells: 11/18 levels left

rFire   + . .      SeeInvis .   a - +1 trident of Big Damage {vorpal, rC++ rN++ Stlth-}
rCold   + + +      Faith    .   (no shield)
rNeg    + + .      Spirit   .   z - +2 robe {rC+}
rPois   .          Reflect  +   (no helmet)
rElec   .          Harm     .   f - +0 cloak
rCorr   .          Rampage  .   (no gloves)
Will    .....                   (no boots)
Stlth   +.........              n - amulet of reflection
HPRegen 0.15/turn               c - ring of protection from fire
MPRegen 0.16/turn               (no ring)

@: mighty, ice-armoured, freezing walls
A: no striking features
a: no special abilities


You were on level 7 of the Dungeon.
You visited 2 branches of the dungeon, and saw 8 of its levels.

You collected 266 gold pieces.

Inventory:

Hand Weapons
 a - the +1 trident of Big Damage (weapon) {vorpal, rC++ rN++ Stlth-}
   (You found it on level 2 of the Dungeon)

   It inflicts extra damage upon your enemies.
   rC:        It greatly protects you from cold.
   rN:        It greatly protects you from negative energy.
   Stlth:     It makes you less stealthy.
 y - a +2 whip of electrocution
Missiles
 w - 2 throwing nets
Armour
 f - a +0 cloak (worn)
 o - a +0 robe
 v - the +0 ring mail of the Shouting Gods {rF+ Regen+ Dex+2}
   (You found it on level 4 of the Dungeon)

   Dex:       It affects your dexterity (+2).
   rF:        It protects you from fire.
   Regen:     It increases your rate of health regeneration.
 z - a +2 robe of cold resistance (worn)
Magical Staves
 b - a staff of cold
Jewellery
 c - a ring of protection from fire (left hand)
 e - a ring of wizardry
 i - a ring of flight
 j - a +6 ring of intelligence
 n - an amulet of reflection (around neck)
Wands
 t - a wand of light (14)
Scrolls
 r - 2 scrolls of teleportation
Potions
 d - 4 potions of curing
 g - a potion of lignification
 h - a potion of magic
 k - 3 potions of flight
 l - 2 potions of mutation
 m - a potion of might
 p - a potion of resistance {unknown}
 q - 2 potions of heal wounds
 s - 2 potions of attraction {unknown}
 u - 2 potions of brilliance {unknown}
 x - 2 potions of berserk rage {unknown}
 A - a potion of ambrosia {unknown}


   Skills:
 + Level 10.6 Dodging
 - Level 2.4 Stealth
 - Level 5.0 Spellcasting
 + Level 10.4 Ice Magic


You had 11 spell levels left.
You knew the following spells:

 Your Spells              Type           Power      Damage    Failure   Level
a - Freeze                Ice            100%       1d11      1%          1
b - Ozocubu's Armour      Ice            55%        N/A       1%          3
c - Frozen Ramparts       Ice            100%       1d16      1%          3

Your spell library contained the following spells:

 Spells                   Type           Power      Damage    Failure   Level
 Shock                    Conj/Air       24%        1d4       9%          1
 Sting                    Tmut/Pois      24%        1d4       9%          1
 Hailstorm                Conj/Ice       32%        3d8       10%         4
 Poisonous Vapours        Pois/Air       12%        N/A       12%         2
 Swiftness                Air            6%         N/A       24%         3
 Metabolic Englaciation   Hex/Ice        16%        N/A       26%         5
 Airstrike                Air            3%         2d(1-17)  63%         4
 Olgreb's Toxic Radiance  Pois           6%         N/A       63%         4
 Simulacrum               Ice/Necr       16%        N/A       83%         6


Dungeon Overview and Level Annotations

Branches:
Dungeon (7/15)             Temple (1/1) D:6

Altars:
Dithmenos
Fedhas
Kikubaaqudgha
Makhleb
Okawaru
Qazlal
Ru
Uskayaw
Xom
Yredelemnul
Zin

Shops:
D:5 **

Annotations:
D:3 2 transporters, Grinder; turdburglar's ghost, amateur HOFi


Message History

Your life force feels restored.
Casting: Freeze (safe; 1% risk of failure)
Confirm with . or Enter, or press ? or * to list all spells.
Aiming: Freeze (safe; 1% risk of failure)
Press: ? - help, Shift-Dir - straight line, f - gnoll
Aim: a gnoll, wielding a +0 club (severely wounded, covering ground quickly)
You freeze the gnoll.
You kill the gnoll!
The wall freezes the gnoll.
Unknown command.
Casting: Freeze (safe; 1% risk of failure)
Confirm with . or Enter, or press ? or * to list all spells.
Aiming: Freeze (safe; 1% risk of failure)
Press: ? - help, Shift-Dir - straight line, f - gnoll
Aim: a gnoll, wielding a +0 flail (heavily wounded, covering ground quickly)
You freeze the gnoll.
The gnoll is heavily wounded.
The wall freezes the gnoll.
The gnoll closely misses you.
Unknown command.
Casting: Freeze (safe; 1% risk of failure)
Confirm with . or Enter, or press ? or * to list all spells.
Aiming: Freeze (safe; 1% risk of failure)
Press: ? - help, Shift-Dir - straight line, f/p - gnoll
Aim: a gnoll, wielding a +0 flail (severely wounded, covering ground quickly)
You freeze the gnoll.
The gnoll is almost dead.
The wall freezes the gnoll.
You kill the gnoll!
A wight comes into view. It is wielding a +0 falchion.
A wight comes into view. It is wielding a +3 short sword.
Your attacks no longer feel as feeble.
The wall freezes the wight but does no damage.
You closely miss the wight.
The wight completely resists.
The wall freezes the wight but does no damage.
The wight hits you with a +4 hand axe of freezing!
* * * LOW HITPOINT WARNING * * *
You closely miss the wight.
The wight completely resists.
The wall freezes the wight but does no damage.
The wight hits you with a +4 hand axe of freezing.
You die...

# .. ...######
#..z....#
...z...<# .
.....)z)####....
..#####@...)....
###.......
....#.$ .......
....... .......
###.#.# .#.#


You could see 3 wights.

Vanquished Creatures
  Pikel (D:6)
  Sigmund (D:6)
  Eustachio (D:4)
  A steam dragon (D:4)
  A water moccasin (D:5)
  3 ogres
  3 black bears
  A phantom (D:6)
  A kobold brigand (D:4)
  A necrophage (D:6)
  3 scorpions
  A wight (D:7)
  A jelly (D:6)
  2 hounds
  2 orc priests
  Crazy Yiuf (D:2)
  2 gnoll boudas
  Jessica (D:3)
  2 iguanas
  8 gnolls
  9 adders
  2 shadow imps (D:6)
  3 worms
  4 dart slugs
  15 orcs
  12 bats
  2 endoplasms
  4 giant cockroaches
  4 goblins
  7 hobgoblins
  3 jackals (D:1)
  4 quokkas
  3 ball pythons
  3 frilled lizards
  9 kobolds
  6 rats
127 creatures vanquished.

Vanquished Creatures (others)
  An orc wizard (D:5)
  An adder (D:4)
  6 plants (D:4)
8 creatures vanquished.

Grand Total: 135 creatures vanquished

Notes
Turn   | Place    | Note
-------+----------+-------------------------------------------
     0 | D:1      | buriedalive the Deep Elf Ice Elementalist began the quest
                  | for the Orb.
     0 | D:1      | Reached XP level 1. HP: 10/10 MP: 6/6
   324 | D:1      | Reached XP level 2. HP: 14/15 MP: 6/8
  1171 | D:1      | Reached XP level 3. HP: 6/19 MP: 3/10
  1717 | D:1      | Learned a level 3 spell: Ozocubu's Armour
  1721 | D:1      | Learned a level 3 spell: Frozen Ramparts
  1786 | D:2      | Identified the +1 trident of Big Damage {vorpal, rC++ rN++
                  | Stlth-}
  2055 | D:2      | Reached skill level 5 in Ice Magic
  2055 | D:2      | Reached XP level 4. HP: 9/24 MP: 9/12
  3129 | D:2      | Found the +5 demon whip "Spellbinder" {antimagic, Will+}
  3137 | D:2      | Found a runed translucent door.
  3138 | D:2      | Noticed Crazy Yiuf
  3147 | D:2      | Killed Crazy Yiuf
  3148 | D:2      | Reached XP level 5. HP: 28/28 MP: 3/14
  3865 | D:3      | Reached skill level 5 in Spellcasting
  3889 | D:3      | Noticed Grinder
  3899 | D:3      | Paralysed by Grinder for 2 turns
  4093 | D:3      | Found a transporter.
  4093 | D:3      | Noticed turdburglar's ghost (amateur HOFi)
  4098 | D:3      | Found a transporter.
  4192 | D:3      | Noticed Jessica
  4201 | D:3      | Killed Jessica
  4492 | D:4      | Noticed a steam dragon
  4503 | D:4      | Killed a steam dragon
  4504 | D:4      | Reached skill level 5 in Dodging
  4504 | D:4      | Reached XP level 6. HP: 13/32 MP: 6/15
  5136 | D:4      | Noticed Eustachio
  5326 | D:4      | Killed Eustachio
  5327 | D:4      | Reached XP level 7. HP: 36/36 MP: 1/16
  5634 | D:4      | Identified the +0 ring mail of the Shouting Gods {rF+
                  | Regen+ Dex+2}
  6772 | D:5      | Entered Level 5 of the Dungeon
  7021 | D:5      | Found Qurea's General Store.
  7023 | D:5      | Found Xidwied's Specific Store.
  7491 | D:5      | Reached XP level 8. HP: 41/41 MP: 7/17
  7936 | D:6      | Noticed Sigmund
  7941 | D:6      | Found a staircase to the Ecumenical Temple.
  8092 | Temple   | Entered the Ecumenical Temple
  8328 | D:6      | Noticed Pikel
  8342 | D:6      | Killed Pikel
  8657 | D:6      | Killed Sigmund
  8751 | D:6      | Reached XP level 9. HP: 45/45 MP: 11/18
  8867 | D:7      | Reached skill level 10 in Dodging
  8977 | D:6      | Reached skill level 10 in Ice Magic
  9947 | D:7      | Slain by a wight

Illustrated notes

Levels and vault maps discovered:
D:1:      sevenhm_arrival_forest_fort_large_2, layout_basic
D:2:      layout_loops_cross, uniq_crazy_yiuf_cottage
D:3:      layout_rooms, gammafunk_ghost_arena, uniq_grinder, uniq_jessica
D:4:      layout_cave_pods, lexackson_kobold_supper, uniq_eustachio
D:5:      layout_loops_ring, nicolae_specific_store, minivault_27,
          amcnicky_mini_corridor_feature
D:6:      kb_forest_paths, layout_rooms, minmay_overflow_temple_star_hex,
          minmay_temple_entry_statues_fountains, serial_shops, shop,
          hangedman_decor_diamond_cutter, uniq_pikel, uniq_sigmund
D:7:      layout_basic, nicolae_ashenzari_panopticon,
          mainiacjoe_overflow_big_doors
Temple:   minmay_temple_curvy_loop

Skill      XL: |  1  2  3  4  5  6  7  8  9 |
---------------+----------------------------+-----
Dodging        | 3 4 5 6 7 9 10 | 10.6
Spellcasting   | 4 5 |  5.0
Ice Magic      | 5 6 8 9 10 | 10.4
Stealth        | |  2.4

Action                   |  1- 3 |  4- 6 |  7- 9 || total
-------------------------+-------+-------+-------++-------
Melee: Unarmed           |     6 |       |       ||     6
       Staff             |    31 |    41 |    29 ||   101
       Trident           |       |    16 |    70 ||    86
       Punch             |       |       |     1 ||     1
 Cast: Freeze            |    47 |    44 |    42 ||   133
       Frozen Ramparts   |       |    14 |    20 ||    34
       Ozocubu's Armour  |       |     7 |    20 ||    27
  Use: Scroll            |       |    14 |     2 ||    16
       Potion            |       |     1 |     1 ||     2
 Stab: Sleeping          |     4 |     3 |     1 ||     8
Armor: Robe              |    19 |    25 |    54 ||    98
Dodge: Dodged            |    66 |    64 |   164 ||   294
Block: Other             |     3 |    35 |    31 ||    69
       Reflection        |       |       |     1 ||     1
